 Dungeon Crawl Stone Soup version 0.29.1-15-g9cfb28693d (webtiles) character file.

Game seed: 18342609736675105011

7730 H0rd4k the Fighter (level 11, -1/78 HPs)
             Began as an Octopode Artificer on Apr 12, 2023.
             Was an Initiate of Gozag.
             Succumbed to their own poison gas
             ... on level 10 of the Dungeon.
             The game lasted 00:19:01 (16407 turns).

H0rd4k the Fighter (Octopode Artificer)            Turns: 16407, Time: 00:19:02

Health: -1/78      AC:  2    Str: 17    XL:     11   Next: 19%
Magic:  23/23      EV: 14    Int: 17    God:    Gozag
Gold:   1403       SH:  5    Dex: 12    Spells: 12/26 levels left

rFire   + . .      SeeInvis .   G - +7 hammer of Impatience {venom, *Corrode rElec rN+++ Str+4}
rCold   + + +      Faith    .   (no shield)
rNeg    + + +      Spirit   .   a - +1 hat of Lesser Demons {Drain Fly rC++ Stlth+}
rPois   +          Reflect  +   x - amulet of reflection
rElec   +          Harm     .   f - ring of resist corrosion
rCorr   +          Rampage  .   (no ring)
Will    .....                   (no ring)
Stlth   ++++......              (no ring)
HPRegen 0.23/turn               (no ring)
MPRegen 0.18/turn               (no ring)
                                (no ring)
                                (no ring)

@: brilliant, lethally poisoned (-1 -> -8), resistant, gold aura, flying
A: almost no armour, amphibious, 8 rings, camouflage 1, gelatinous body 1,
(nimble swimmer 1), tentacles
a: Renounce Religion, Potion Petition, Call Merchant, Bribe Branch


You were on level 10 of the Dungeon.
You worshipped Gozag.
Gozag was most pleased with you.
You visited 2 branches of the dungeon, and saw 12 of its levels.

You collected 1988 gold pieces.
You spent 494 gold pieces at shops.
You paid 91 gold pieces to Gozag.

Inventory:

Hand Weapons
 w - a +4 dagger
 G - the +7 hammer of Impatience (weapon) {venom, *Corrode rElec rN+++ Str+4}
   (You found it on level 3 of the Dungeon)

   It poisons the flesh of those it strikes.
   Str:       It affects your strength (+4).
   rElec:     It insulates you from electricity.
   rN:        It renders you almost immune to negative energy.
   *Corrode:  It may corrode you when you take damage.
Missiles
 n - 2 throwing nets
 u - 3 curare-tipped darts
 F - 4 poisoned darts
Armour
 a - the +1 hat of Lesser Demons (worn) {Drain Fly rC++ Stlth+}
   (You acquired it on level 4 of the Dungeon)

   rC:        It greatly protects you from cold.
   Fly:       It grants you flight.
   Drain:     It drains your maximum health when unequipped.
   Stlth:     It makes you more stealthy.
 I - an orb of light
Jewellery
 f - a ring of resist corrosion (left tentacle)
 x - an amulet of reflection (around mantle)
Wands
 b - a wand of flame (40) (quivered)
 c - a wand of charming (7)
Scrolls
 e - 2 scrolls of silence
 i - 7 scrolls of teleportation
 j - 3 scrolls of blinking
 l - 4 scrolls of fear
 p - 2 scrolls of enchant armour
 q - 5 scrolls of noise
 y - a scroll of magic mapping
 D - a scroll of amnesia {unknown}
 E - 2 scrolls of vulnerability {unknown}
 H - 2 scrolls of immolation {unknown}
Potions
 g - a potion of degeneration
 m - a potion of attraction {unknown}
 o - a potion of berserk rage {unknown}
 r - 5 potions of might
 s - a potion of cancellation
 v - 2 potions of haste
 z - a potion of brilliance
 A - 5 potions of mutation
 B - a potion of resistance
 C - 2 potions of lignification {unknown}


   Skills:
 - Level 8.7 Fighting
 - Level 4.8 Maces & Flails
 + Level 4.0 Dodging
 + Level 3.8 Stealth
 - Level 2.0 Shields
 - Level 7.3 Unarmed Combat
 * Level 8.3 Spellcasting
 + Level 0.1 Hexes
 * Level 4.2 Summonings
 - Level 2.3 Ice Magic
 * Level 0.8 Air Magic
 - Level 3.2 Evocations


You had 12 spell levels left.
You knew the following spells:

 Your Spells              Type           Power      Damage    Failure   Level
a - Summon Small Mammal   Summ           100%       N/A       1%          1
b - Call Canine Familiar  Summ           32%        N/A       5%          3
c - Summon Guardian Gole  Hex/Summ       21%        N/A       13%         3
d - Summon Ice Beast      Ice/Summ       27%        N/A       26%         4
e - Swiftness             Air            14%        N/A       22%         3

Your spell library contained the following spells:

 Spells                   Type           Power      Damage    Failure   Level
 Freeze                   Ice            88%        1d10      4%          1
 Shock                    Conj/Air       48%        1d6       9%          1
 Beastly Appendage        Tmut           20%        N/A       11%         1
 Frozen Ramparts          Ice            44%        1d7       12%         3
 Wereblood                Tmut           10%        N/A       16%         2
 Mephitic Cloud           Conj/Pois/Air  11%        N/A       26%         3
 Dazzling Flash           Conj/Hex       20%        N/A       30%         3
 Ignite Poison            Fire/Tmut/Pois 10%        N/A       30%         3
 Spider Form              Tmut/Pois      10%        N/A       30%         3
 Stone Arrow              Conj/Erth      20%        3d8       30%         3
 Hailstorm                Conj/Ice       16%        3d6       54%         4
 Airstrike                Air            7%         2d(1-17)  58%         4
 Iskenderun's Mystic Bla  Conj/Tloc      10%        2d4       71%         4
 Summon Mana Viper        Hex/Summ       21%        N/A       75%         5
 Freezing Cloud           Conj/Ice/Air   7%         6-21      88%         5
 Starburst                Conj/Fire      5%         6d4       100%        6
 Monstrous Menagerie      Summ           16%        N/A       100%        7
 Lehudib's Crystal Spear  Conj/Erth      5%         10d3      100%        8
 Animate Armour           Summ/Erth      Unusable   N/A       N/A         4

Dungeon Overview and Level Annotations

Branches:
Dungeon (11/15)            Temple (1/1) D:4            Lair (0/5) D:10
    Orc (0/2) D:9

Altars:
Ashenzari
Cheibriados
Elyvilon
Fedhas
Gozag
Hepliaklqana
Kikubaaqudgha
Makhleb
Nemelex Xobeh
Okawaru
Qazlal
Ru
Sif Muna
Trog
Uskayaw
Vehumet
Wu Jian
Xom
Yredelemnul
Zin
The Shining One

Shops:
D:8 [   D:9 :

Annotations:
D:6 exclusion: downstairs
D:7 exclusions: 2 downstairs and 1 more exclusion
D:8 exclusions: downstairs and wyvern
D:11 exclusion: upstairs
Temple 4 transporters


Innate Abilities, Weirdness & Mutations

You cannot wear most types of armour.
You are amphibious.
You can wear up to eight rings at the same time.
Your skin changes colour to match your surroundings (Stealth+).
Your rubbery body absorbs attacks. (AC +1, EV +1)
((You are camouflaged when in or above water. (Stealth+)))
You have tentacles for arms and can constrict up to eight enemies at once.


Message History

The death yak is engulfed in poison gas.
The death yak looks as sick as possible!
The death yak is engulfed in poison gas.
The death yak looks even sicker.
The death yak is engulfed in poison gas.
The death yak is poisoned.
The death yak is distracted by your dazzling golden aura.
Really fly into that cloud of poison gas?
You are engulfed in poison gas.
You are lethally poisoned!
* * * LOW HITPOINT WARNING * * *
x2 You feel very sick.
The death yak is engulfed in poison gas.
The death yak looks as sick as possible! x2
The death yak is engulfed in poison gas.
The death yak looks as sick as possible!
The death yak is engulfed in poison gas.
The death yak looks even sicker.
You feel better.
You are engulfed in poison gas.
You are lethally poisoned!
* * * LOW HITPOINT WARNING * * *
Your surroundings suddenly seem different.
* * * LOW HITPOINT WARNING * * *
You feel very sick.
Unknown command.
It was a potion of flight.
You feel more buoyant.
* * * LOW HITPOINT WARNING * * *
You feel very sick.
It was a potion of magic.
Magic courses through your body.
* * * LOW HITPOINT WARNING * * *
You feel very sick.
It was a potion of brilliance.
You feel clever all of a sudden.
* * * LOW HITPOINT WARNING * * *
You feel sick.
It was a potion of resistance.
You feel protected.
You die...
Your body crumbles into a pile of gold.

#.....# ......#.............
#.....# ......'.........####
##.....### ^....##.........#
.........# .... #))$.......#
.........# ... #))........#
.........### #. ##.........(+
.............####............
#####.......................
#...........@...........
#...........####........
#...####### #.....##+ #.....#
T #+##+#..


There were no monsters in sight!

Vanquished Creatures
  An unseen horror (D:10)
  A wraith (D:11)
  13 yaks
  A wyvern (D:8)
  A shadow (D:9)
  Eustachio (D:5)
  A vampire mosquito (D:11)
  An acid dragon (D:10)
  A water moccasin (D:9)
  5 orc warriors
  2 sky beasts (D:6)
  3 black bears
  2 centaurs (D:7)
  3 phantoms
  A necrophage (D:8)
  3 bullfrogs
  2 gnoll sergeants
  4 scorpions
  10 wights (D:8)
  3 killer bees (D:8)
  2 howler monkeys (D:8)
  8 hounds
  A jelly (D:5)
  12 orc priests
  An iron imp (D:10)
  Crazy Yiuf (D:3)
  5 iguanas
  18 orc wizards
  A nameless horror (D:11)
  13 gnolls
  5 adders
  3 white imps
  An ufetubus (D:6)
  3 dart slugs
  44 orcs
  9 endoplasms
  6 giant cockroaches
  5 goblins
  4 hobgoblins
  9 jackals
  A quokka (D:2)
  5 ball pythons
  4 bats
  5 frilled lizards
  5 kobolds
  5 rats
235 creatures vanquished.

Vanquished Creatures (collateral kills)
  Maggie (D:9)
  A vampire mosquito (D:11)
  An orc priest (D:10)
  2 gnolls (D:9)
  An adder (D:5)
  A worm (D:4)
  6 orcs
  A goblin (D:4)
14 creatures vanquished.

Vanquished Creatures (others)
  A vampire (D:9)
  2 orc wizards
  2 gnolls
  4 plants (D:2)
9 creatures vanquished.

Grand Total: 258 creatures vanquished

Notes
Turn   | Place    | Note
-------+----------+-------------------------------------------
     0 | D:1      | H0rd4k the Octopode Artificer began the quest for the Orb.
     0 | D:1      | Reached XP level 1. HP: 13/13 MP: 1/1
   114 | D:1      | Reached XP level 2. HP: 18/18 MP: 1/3
   352 | D:1      | Reached skill level 1 in Spellcasting
   829 | D:1      | Reached XP level 3. HP: 17/24 MP: 4/4
  1142 | D:1      | Reached skill level 1 in Unarmed Combat
  1965 | D:2      | Reached XP level 4. HP: 29/29 MP: 6/6
  2565 | D:2      | Found a faded altar of an unknown god.
  3588 | D:3      | Found a runed translucent door.
  3589 | D:3      | Noticed Crazy Yiuf
  3806 | D:4      | Noticed a black bear
  3809 | D:4      | Killed a black bear
  3810 | D:4      | Reached XP level 5. HP: 36/36 MP: 8/8
  3870 | D:4      | Reached XP level 6. HP: 42/42 MP: 9/9
  3880 | D:4      | Found a staircase to the Ecumenical Temple.
  3915 | Temple   | Entered the Ecumenical Temple
  3915 | Temple   | Found a transporter.
  3915 | Temple   | Found a transporter.
  3917 | Temple   | Found a transporter.
  3917 | Temple   | Found a transporter.
  3943 | Temple   | Became a worshipper of Gozag Ym Sagoz the Greedy
  4441 | D:4      | Found an ornate altar of the Wu Jian Council.
  4798 | D:4      | Reached XP level 7. HP: 25/46 MP: 11/11
  5127 | D:4      | Reached skill level 5 in Unarmed Combat
  5254 | D:4      | Identified a scroll of acquirement
  5255 | D:4      | Acquired the +1 hat of Lesser Demons {Drain Fly rC++
                  | Stlth+}
  6204 | D:5      | Entered Level 5 of the Dungeon
  6466 | D:5      | Noticed Eustachio
  6470 | D:5      | Killed Eustachio
  6471 | D:5      | Reached XP level 8. HP: 54/54 MP: 13/13
  6476 | D:5      | Found a glowing golden altar of the Shining One.
  6530 | D:5      | Found a stormy altar of Qazlal.
  6589 | D:5      | Found a blossoming altar of Fedhas.
  7360 | D:3      | Killed Crazy Yiuf
  7365 | D:3      | Identified the +7 hammer of Impatience {venom, *Corrode
                  | rElec rN+++ Str+4}
  7554 | D:6      | You are sucked into a shaft and drop 2 floors!
  7794 | D:8      | Reached skill level 5 in Fighting
  7796 | D:8      | Reached skill level 1 in Maces & Flails
  7991 | D:8      | Found Esompipn's Armour Shoppe.
  8022 | D:8      | Noticed a wyvern
  8151 | D:8      | Identified the +4 ring mail of Dice, Bag, and Bottle
                  | {rPois}
  8252 | D:8      | Noticed a yak
  8255 | D:8      | Reached skill level 5 in Spellcasting
  8255 | D:8      | Reached XP level 9. HP: 27/61 MP: 16/16
  8481 | D:8      | HP: 3/62 [killer bee (6)]
 10741 | D:6      | HP: 3/64 [orc warrior/+0 long sword (16)]
 10743 | D:6      | Reached skill level 1 in Shields
 11803 | D:8      | Reached XP level 10. HP: 65/71 MP: 19/19
 12875 | D:8      | Found a burning altar of Makhleb.
 12939 | D:8      | Learned a level 1 spell: Summon Small Mammal
 12943 | D:8      | Learned a level 3 spell: Call Canine Familiar
 12947 | D:8      | Learned a level 3 spell: Summon Guardian Golem
 13243 | D:9      | Found Dipno's Book Shoppe.
 13249 | D:9      | Bought a book of Beasts for 494 gold pieces
 13254 | D:9      | Learned a level 4 spell: Summon Ice Beast
 13286 | D:9      | Noticed Maggie
 13929 | D:9      | Reached skill level 1 in Summonings
 13929 | D:9      | Reached skill level 1 in Ice Magic
 14581 | D:10     | Entered Level 10 of the Dungeon
 14871 | D:9      | Found a staircase to the Orcish Mines.
 14918 | D:9      | Killed Maggie
 14919 | D:9      | Reached XP level 11. HP: 34/78 MP: 22/22
 15598 | D:10     | Noticed a death yak
 15675 | D:10     | Learned a level 3 spell: Swiftness
 15792 | D:10     | Found a snail-covered altar of Cheibriados.
 16120 | D:10     | Noticed a death yak
 16120 | D:10     | Noticed a death yak
 16382 | D:11     | Noticed a two-headed ogre
 16389 | D:10     | Found a staircase to the Lair.
 16397 | D:10     | Noticed a death yak
 16397 | D:10     | Noticed a death yak
 16399 | D:10     | Noticed a death yak
 16402 | D:10     | HP: 3/78 [poisoned by you (poison gas)]
 16406 | D:10     | HP: 1/78 [poisoned by you (poison gas)]
 16407 | D:10     | Succumbed to their own poison gas

Illustrated notes

Levels and vault maps discovered:
D:1:      lemuel_arrival_funnel, layout_loops_ring
D:2:      layout_loops_corners, chequers_ecumenical_altar_lobes
D:3:      layout_basic, uniq_crazy_yiuf_cottage
D:4:      minmay_bubble_buster, layout_loops_ring, mainiacjoe_overflow_alcove_2,
          minmay_temple_entry_proselytizer
D:5:      layout_loops_corners, tso_altar, grunt_qazlal_sundering,
          nicolae_overflow_hidden_temple, uniq_eustachio
D:6:      layout_basic
D:7:      layout_gridville
D:8:      layout_rooms, makhleb_blood_cavern_becter, nicolae_stop_n_shop_2
D:9:      layout_rooms, david_orc_2, nicolae_stop_n_shop_2, uniq_maggie
D:10:     layout_irregular_city, mainiacjoe_overflow_alcove_4, slow_altar_1,
          dpeg_lair_monsters
D:11:     layout_cave_pools, nicolae_uskayaw_suspiria
Temple:   hellmonk_temple_divided_pantheon

Skill      XL: |  1  2  3  4  5  6  7  8  9 10 11 |
---------------+----------------------------------+-----
Spellcasting   | 1 2 3 5 6 7 8 |  8.3
Unarmed Combat | 1 3 4 6 7 |  7.3
Fighting       | 2 3 4 5 7 8 |  8.7
Maces & Flails | 1 4 |  4.8
Shields        | 1 2 |  2.0
Stealth        | 3 |  3.8
Summonings     | 3 4 |  4.2
Ice Magic      | 2 |  2.3
Dodging        | 3 4 |  4.0
Hexes          | |  0.1
Air Magic      | |  0.8
Evocations     | |  3.2

Action                   |  1- 3 |  4- 6 |  7- 9 | 10-12 || total
-------------------------+-------+-------+-------+-------++-------
Melee: Unarmed           |    91 |    88 |   114 |       ||   293
       Tentacles         |    26 |    22 |    65 |    53 ||   166
       Constrict         |    24 |    23 |    60 |    28 ||   135
       Punch             |       |     2 |    13 |    12 ||    27
       Mace              |       |       |   152 |   181 ||   333
 Cast: Summon Small Mamm |       |       |       |    17 ||    17
       Call Canine Famil |       |       |       |     9 ||     9
       Summon Ice Beast  |       |       |       |     3 ||     3
       Summon Guardian G |       |       |       |     3 ||     3
Evoke: Wand              |     1 |     6 |     9 |    15 ||    31
  Use: Potion            |       |     3 |     3 |     7 ||    13
       Scroll            |       |       |     9 |     6 ||    15
 Stab: Sleeping          |     8 |     7 |    18 |     1 ||    34
       Distracted        |       |       |     1 |     3 ||     4
Armor: Skin              |     5 |     1 |    21 |    12 ||    39
Dodge: Dodged            |    47 |    32 |   148 |   100 ||   327
Block: Other             |       |       |    20 |    33 ||    53
